 Dungeon Crawl Stone Soup version 0.31-a0-348-g810772c3d7 (webtiles) character file.

Game seed: 2894687404510330583

37 MrRokkomies the Trooper (level 3, -1/29 HPs)
             Began as a Demonspawn Monk on July 23, 2023.
             Slain by an adder (2 damage)
             ... on level 2 of the Dungeon.
             The game lasted 00:03:39 (1380 turns).

MrRokkomies the Trooper (Demonspawn Monk)           Turns: 1380, Time: 00:03:40

Health: -1/29      AC:  4    Str:  8 (11) XL:     3   Next: 21%
Magic:  3/3        EV: 12    Int: 10 (13) God:
Gold:   57         SH:  0    Dex: 13 (15) Spells: 2/2 levels left

rFire   . .          .
                       - Unarmed
rCold   . . .        (no shield)
rNeg    . . .        a - +0 robe
rPois   .            (no helmet)
rElec   .            (no cloak)
rCorr   .            (no gloves)
SInv    .            (no boots)
Will    +....        (no amulet)
Stlth   +            (no ring)
HPRegen 0.24/turn    (no ring)
MPRegen 0.08/turn

%: no passive effects
@: lethally poisoned (-1 -> -3), attractive, enlightened, flying
A: icy blue scales 1, powered by death 1
a: no special abilities


You were on level 2 of the Dungeon.
You visited 1 branch of the dungeon, and saw 2 of its levels.

You collected 57 gold pieces.

Inventory:

Missiles
 d - 3 boomerangs
 f - a javelin (quivered)
Armour
 a - a +0 robe (worn)
 c - an orb of light
Scrolls
 e - 4 scrolls of identify {unknown}
 g - a scroll of teleportation {unknown}
 i - a scroll of poison {unknown}
Potions
 b - a potion of ambrosia
 h - a potion of degeneration
 j - a potion of attraction


   Skills:
 * Level 3.6 Fighting
 + Level 3.0 Dodging
 * Level 3.2 Unarmed Combat


You had 2 spell levels left.
You didn't know any spells.
Your spell library contained the following spells:

 Spells                   Type           Power      Damage    Failure   Level
 Ensorcelled Hibernation  Hex/Ice        0%         N/A       50%         2
 Passwall                 Tmut/Erth      0%         N/A       50%         2
 Swiftness                Air            0%         N/A       75%         3


Dungeon Overview and Level Annotations

Branches:
Dungeon (2/15)

Altars:


Innate Abilities, Weirdness & Mutations

You are partially covered in icy blue scales. (AC +2)
You regenerate a little health from kills.


Message History

The javelin barely misses the ball python.
The jackal bites you but does no damage.
Unknown command.
Throw: 4 javelins
Press: ? - help, Q - select action, (/) - cycle Shift-Dir - straight line, f/p - jackal
Aim: a jackal (45% to hit)
You throw a javelin. The javelin barely misses the adder.
The javelin closely misses the jackal.
The javelin pierces through the ball python.
The ball python is moderately wounded.
The adder bites you.
Unknown command.
Throw: 3 javelins
Press: ? - help, Q - select action, (/) - cycle Shift-Dir - straight line, f/p - jackal
Aim: a jackal (45% to hit)
You throw a javelin. The javelin closely misses the adder.
The javelin misses the jackal.
The javelin pierces through the ball python!
You kill the ball python!
The adder bites you.
You are poisoned.
The adder poisons you! The adder barely misses you.
Unknown command.
Throw: 2 javelins
Press: ? - help, Q - select action, (/) - cycle Shift-Dir - straight line, f/p - jackal
Aim: a jackal (45% to hit)
You throw a javelin. The javelin closely misses the adder.
The javelin pierces through the jackal but does no damage.
You feel sick. The adder misses you. The adder bites you.
* * * LOW HITPOINT WARNING * * *
Unknown command.
It was a potion of attraction.
You feel attractive to monsters.
You feel sick. The adder bites you but does no damage.
It was a potion of enlightenment.
You feel very buoyant.
You fly up into the air.
You feel sick. The adder bites you.
* * * LOW HITPOINT WARNING * * *
The adder bites you.
You die...

#.# #
####.###.#
#.<......#
#.##.###.#
#. #.# #
#. #.#
#.##.#
#.#..#
..#@##
###S# #
#h#
#..####†#
..?.....#
.#####..#
#..#
#.(.......
#..###.###


You could see an adder and a jackal.

Vanquished Creatures
  2 dart slugs (D:1)
  4 ball pythons
  7 endoplasms (D:1)
  A giant cockroach (D:1)
  3 goblins (D:1)
  4 hobgoblins
  A jackal (D:2)
  3 kobolds (D:1)
  A bat (D:1)
  A frilled lizard (D:1)
27 creatures vanquished.

Notes
Turn   | Place    | Note
-------+----------+-------------------------------------------
     0 | D:1      | MrRokkomies the Demonspawn Monk began the quest for the
                  | Orb.
     0 | D:1      | Reached XP level 1. HP: 18/18 MP: 1/1
   261 | D:1      | Gained mutation: You regenerate a little health from kills.
                  | [demonic ancestry]
   261 | D:1      | Reached XP level 2. HP: 23/24 MP: 2/2
  1051 | D:1      | Gained mutation: You are partially covered in icy blue
                  | scales. (AC +2) [demonic ancestry]
  1051 | D:1      | Reached XP level 3. HP: 16/29 MP: 3/3
  1380 | D:2      | HP: 1/29 [adder (4)]
  1380 | D:2      | Slain by an adder

Illustrated notes

Levels and vault maps discovered:
D:1:      onia_arrival_mini_maze_b, layout_basic, minmay_tiny_reverse_x
D:2:      layout_loops_ring, serial_rivers, chequers_serial_rivers_micro_c,
          chequers_serial_rivers_small_3, chequers_serial_rivers_room_b,
          chequers_serial_rivers_micro_c, chequers_serial_rivers_small_3,
          chequers_serial_rivers_small_3, minmay_misc_feat_room, eino_curves_02

Skill      XL: |  1  2  3 |
---------------+----------+-----
Unarmed Combat | 3 |  3.2
Dodging        | 3 |  3.0
Fighting       | |  3.6

Action                     || total
---------------------------++-------
  Melee: Unarmed           ||   128
         Punch             ||     1
  Throw: Javelin           ||     6
    Use: Potion            ||     3
   Stab: Sleeping          ||     2
 Armour: Robe              ||    24
  Dodge: Dodged            ||    87

Table legend: (Time is in decaauts)
 A = Elapsed time spent in this place.
 B = Non-inter-level travel time spent in this place.
 C = Inter-level travel time spent in this place.
 D = Time resting spent in this place.
 E = Time spent auto-exploring this place.
 F = Levels seen in this place.
 G = Mean time per level.
                   A        B        C        D        E       F      G
               +--------+--------+--------+--------+--------+-----+--------+
         Total |   1376 |   1300 |     76 |     59 |    915 |   2 |  688.0 |
       Dungeon |   1376 |   1300 |     76 |     59 |    915 |   2 |  688.0 |
               +--------+--------+--------+--------+--------+-----+--------+

Top non-repeatable levels by time:
     D:1: 1333 daAuts
     D:2: 42 daAuts
